 Dungeon Crawl Stone Soup version 0.30-a0-141-g30f27751c5 (webtiles) character file.

Game seed: 293212540863472643

306 qw the Chopper (level 6, -6/37 HPs)
             Began as a Gargoyle Fighter on Sept 25, 2022.
             Mangled by a water moccasin (7 damage)
             ... on level 4 of the Dungeon.
             The game lasted 00:01:03 (3861 turns).

qw the Chopper (Gargoyle Fighter)                   Turns: 3861, Time: 00:01:04

Health: -6/37      AC: 13    Str: 21    XL:     6   Next: 39%
Magic:  6/6        EV:  8    Int:  9    God:
Gold:   229        SH:  8    Dex:  9    Spells: 5/5 levels left

rFire   . . .      SeeInvis .    Y - +0 war axe
rCold   . . .      Faith    .    m - +0 kite shield
rNeg    + . .      Spirit   .    b - +0 scale mail
rPois   inf        Reflect  .    h - +0 helmet
rElec   +          Harm     .    (no cloak)
rCorr   .          Rampage  .    i - +0 pair of gloves
Will    .....                    (no boots)
Stlth   ..........               (no amulet)
HPRegen 0.12/turn                (no ring)
MPRegen 0.10/turn                (no ring)

@: no status effects
A: sickness immunity, AC +4, negative energy resistance 1, electricity
resistance, torment resistance 1, petrification resistance
a: no special abilities


You were on level 4 of the Dungeon.
You visited 1 branch of the dungeon, and saw 4 of its levels.

You collected 229 gold pieces.


Innate Abilities, Weirdness & Mutations

You are immune to sickness and miasma.
Your stone body is resilient. (AC +4)
You are immune to poison.
You resist negative energy. (rN+)
You are resistant to electric shocks. (rElec)
You are resistant to unholy torment.
You are immune to petrification.


   Skills:
 - Level 3.4 Fighting
 - Level 5.3 Axes
 - Level 3.2 Armour
 + Level 4.3 Shields


You had 5 spell levels left.
You didn't know any spells.
Your spell library was empty.

Inventory:

Hand Weapons
 p - a +0 flail
 Y - a +0 war axe (weapon)
Missiles
 a - 9 boomerangs (quivered)
Armour
 b - a +0 scale mail (worn)
 h - a +0 helmet (worn)
 i - a +0 pair of gloves (worn)
 m - a +0 kite shield (worn)
 o - a +0 chain mail
Scrolls
 c - a scroll of acquirement {unknown}
 f - 2 scrolls of identify
Potions
 d - 2 potions of might
 e - a potion of mutation {unknown}
 g - a potion of cancellation
 j - a potion of resistance {unknown}
 k - 3 potions of curing
 l - a potion of lignification {unknown}
 n - a potion of degeneration {unknown}

Dungeon Overview and Level Annotations

Branches:
Dungeon (4/15)
 Temple: D:4-7

Altars:

Portals:
Abyss: D:3

Annotations:
D:2 1 runed translucent door, Crazy Yiuf
D:3 2 transporters, qw's ghost, amateur GrFi


Message History

The water moccasin bites you but does no damage.
The water moccasin closely misses you.
You miss the water moccasin.
The water moccasin is lightly wounded.
The water moccasin bites you. The water moccasin barely misses you.
You slash the water moccasin!
The water moccasin is heavily wounded.
You block the water moccasin's attack.
You closely miss the water moccasin.
The water moccasin is heavily wounded.
The water moccasin bites you but does no damage.
The water moccasin bites you.
You closely miss the water moccasin.
The water moccasin is moderately wounded.
The water moccasin bites you but does no damage. x2
You closely miss the water moccasin.
The water moccasin is moderately wounded.
The water moccasin bites you! You block the water moccasin's attack.
You barely miss the water moccasin.
The water moccasin is moderately wounded.
The water moccasin bites you but does no damage.
The water moccasin bites you.
You completely miss the water moccasin.
The water moccasin is moderately wounded.
The water moccasin barely misses you.
The water moccasin bites you but does no damage.
You barely miss the water moccasin.
The water moccasin is moderately wounded.
The water moccasin bites you. The water moccasin barely misses you.
You barely miss the water moccasin.
The water moccasin is moderately wounded.
The water moccasin bites you but does no damage.
You block the water moccasin's attack.
You closely miss the water moccasin.
The water moccasin is moderately wounded.
You block the water moccasin's attack. x2
You barely miss the water moccasin.
The water moccasin is moderately wounded.
The water moccasin closely misses you. The water moccasin bites you!
You die...

..........).#
...#####.).#
...#####.#.#
#.>......#.#
#.########.#
#.# #.#
..#######.#
......S@..#
?.#########


You could see a water moccasin.

Vanquished Creatures
  A centaur (D:3)
  A hound (D:4)
  An iguana (D:4)
  An orc wizard (D:4)
  Robin (D:2)
  3 gnolls (D:2)
  3 adders
  3 worms
  2 dart slugs
  3 orcs
  4 ball pythons
  2 endoplasms
  A giant cockroach (D:2)
  10 goblins
  5 hobgoblins
  5 jackals (D:2)
  7 kobolds
  2 quokkas (D:3)
  4 bats
  5 rats
64 creatures vanquished.

Vanquished Creatures (others)
  3 fungi (D:2)
  5 toadstools (D:2)
8 creatures vanquished.

Grand Total: 72 creatures vanquished

Notes
Turn   | Place    | Note
-------+----------+-------------------------------------------
     0 | D:1      | qw the Gargoyle Fighter began the quest for the Orb.
     0 | D:1      | Reached XP level 1. HP: 14/14 MP: 1/1
     0 | D:1      | 0 ||| qw: Version: 0.2-a-10-g399e6c4
     0 | D:1      | 0 ||| qw: Game counter: 377
     0 | D:1      | 0 ||| qw: Always use a shield: true
     0 | D:1      | 0 ||| qw: God list: Okawaru
     0 | D:1      | 0 ||| qw: Allow faded altars: false
     0 | D:1      | 0 ||| qw: Do Orc after D:15 true
     0 | D:1      | 0 ||| qw: Do second Lair branch before Depths: true
     0 | D:1      | 0 ||| qw: Lair rune preference: random
     0 | D:1      | 0 ||| qw: Plans: Normal, Zot:1-4, God:TSO, Crypt, Tomb,
                  | Pan, Slime:5, Hells, Abyss, Orb
     0 | D:1      | 0 ||| PLANNING D:1-11
   130 | D:1      | You fall into a shaft and drop 1 floor!
   241 | D:2      | 241 ||| Stepping ~*~*~tactically~*~*~ (stealth).
   244 | D:2      | Reached skill level 2 in Axes
   460 | D:2      | Found a faded altar of an unknown god.
   470 | D:2      | Reached XP level 2. HP: 19/19 MP: 2/2
   516 | D:2      | 516 ||| Stepping ~*~*~tactically~*~*~ (stealth).
   525 | D:2      | Noticed Robin
   526 | D:2      | 526 ||| Stepping ~*~*~tactically~*~*~ (stealth).
   529 | D:2      | 529 ||| Stepping ~*~*~tactically~*~*~ (stealth).
   531 | D:2      | 531 ||| Stepping ~*~*~tactically~*~*~ (stealth).
   540 | D:2      | 540 ||| Stepping ~*~*~tactically~*~*~ (stealth).
   555 | D:2      | Reached skill level 3 in Axes
   557 | D:2      | Killed Robin
   558 | D:2      | Reached XP level 3. HP: 18/23 MP: 3/3
   673 | D:2      | 673 ||| UPGRADING to +0 helmet.
   678 | D:2      | 678 ||| UPGRADING to +0 pair of gloves.
   683 | D:2      | 683 ||| READING scroll labelled RAIRGH VIUV.
   684 | D:2      | 684 ||| READING 4 scrolls labelled WILEGO VAZEDA.
   685 | D:2      | 685 ||| READING scroll labelled YTIQ NAKLAOCYI.
   686 | D:2      | 686 ||| READING scroll labelled KESAISS NOQOTE.
   691 | D:2      | 691 ||| READING 3 scrolls of identify.
   691 | D:2      | 691 ||| IDENTIFYING glowing puce potion
   692 | D:2      | 692 ||| READING 2 scrolls of identify.
   692 | D:2      | 692 ||| IDENTIFYING metallic coppery potion
   693 | D:2      | 693 ||| DROPPING potion of flight.
   712 | D:2      | Reached XP level 4. HP: 27/28 MP: 4/4
   715 | D:2      | Reached skill level 4 in Axes
  1595 | D:2      | 1595 ||| DROPPING +0 club.
  1695 | D:2      | 1695 ||| Stepping ~*~*~tactically~*~*~ (stealth).
  1696 | D:2      | 1696 ||| Stepping ~*~*~tactically~*~*~ (stealth).
  1751 | D:2      | 1751 ||| Stepping ~*~*~tactically~*~*~ (stealth).
  1753 | D:2      | 1753 ||| Stepping ~*~*~tactically~*~*~ (stealth).
  1784 | D:2      | 1784 ||| Stepping ~*~*~tactically~*~*~ (stealth).
  1807 | D:2      | Found a runed translucent door.
  1808 | D:2      | Noticed Crazy Yiuf
  2260 | D:2      | 2260 ||| READING scroll labelled JUUWEYSUKU.
  2261 | D:2      | 2261 ||| READING scroll labelled ZEATERH HEBLUSM.
  2262 | D:2      | 2262 ||| DRINKING 4 murky pink potions.
  2263 | D:2      | 2263 ||| READING 2 scrolls of identify.
  2263 | D:2      | 2263 ||| IDENTIFYING inky potion
  2264 | D:2      | 2264 ||| DROPPING potion of berserk rage.
  2378 | D:3      | Reached XP level 5. HP: 30/32 MP: 5/5
  2452 | D:3      | Noticed a centaur
  2453 | D:3      | 2453 ||| Stepping ~*~*~tactically~*~*~ (hiding).
  2462 | D:3      | HP: 7/32 [centaur (3)]
  2463 | D:3      | 2463 ||| READING 2 scrolls of teleportation.
  2466 | D:3      | Killed a centaur
  2467 | D:3      | Reached skill level 5 in Axes
  2467 | D:3      | 2467 ||| READING scroll of teleportation.
  2763 | D:3      | Noticed a small abomination
  2791 | D:3      | Found a transporter.
  2794 | D:3      | Found a transporter.
  2811 | D:3      | 2811 ||| Stepping ~*~*~tactically~*~*~ (stealth).
  2812 | D:3      | 2812 ||| Stepping ~*~*~tactically~*~*~ (stealth).
  2821 | D:3      | Noticed a small abomination
  3308 | D:3      | 3308 ||| UPGRADING to +0 kite shield.
  3318 | D:3      | 3318 ||| DROPPING +0 buckler.
  3341 | D:3      | Found a one-way gate to the infinite horrors of the Abyss.
  3341 | D:3      | Noticed qw's ghost (amateur GrFi)
  3424 | D:4      | HP: 6/32 [iguana (9)]
  3426 | D:4      | Reached XP level 6. HP: 7/37 MP: 6/6
  3613 | D:4      | 3613 ||| Stepping ~*~*~tactically~*~*~ (stealth).
  3614 | D:4      | 3614 ||| Stepping ~*~*~tactically~*~*~ (stealth).
  3615 | D:4      | 3615 ||| Stepping ~*~*~tactically~*~*~ (stealth).
  3617 | D:4      | 3617 ||| Stepping ~*~*~tactically~*~*~ (stealth).
  3626 | D:4      | 3626 ||| Stepping ~*~*~tactically~*~*~ (stealth).
  3781 | D:4      | 3781 ||| Stepping ~*~*~tactically~*~*~ (hiding).
  3782 | D:4      | 3782 ||| Stepping ~*~*~tactically~*~*~ (hiding).
  3785 | D:4      | 3785 ||| DRINKING 4 potions of curing.
  3785 | D:4      | 3785 ||| (to cure confusion)
  3819 | D:4      | 3819 ||| DROPPING +0 whip.
  3839 | D:4      | Noticed a water moccasin
  3856 | D:4      | HP: 6/37 [water moccasin (4)]
  3858 | D:4      | HP: 1/37 [water moccasin (6)]
  3861 | D:4      | Mangled by a water moccasin

Levels and vault maps discovered:
D:1:      zelgadis_glass_arrival_large, layout_basic, grunt_decor_resistance
D:2:      layout_loops_cross, hellmonk_ecumenical_altar_arch_garden,
          minmay_gold_behind_fungi, kennysheep_generic_room_13, uniq_robin,
          uniq_crazy_yiuf_cottage
D:3:      layout_loops_ring, gammafunk_ghost_abyssal_escape,
          kennysheep_generic_room_3
D:4:      layout_basic, uniq_ijyb, uniq_menkaure

Skill      XL: |  1  2  3  4  5  6 |
---------------+-------------------+-----
Axes           | 2 3 4 5 |  5.3
Shields        | 4 |  4.3
Fighting       | |  3.4
Armour         | |  3.2

Action                   |  1- 3 |  4- 6 || total
-------------------------+-------+-------++-------
Melee: War axe           |    67 |   167 ||   234
Throw: Boomerang         |       |    42 ||    42
  Use: Scroll            |     6 |     5 ||    11
       Potion            |       |     2 ||     2
Armor: Scale mail        |    41 |    86 ||   127
Dodge: Dodged            |    36 |    80 ||   116
Block: Buckler           |    10 |    19 ||    29
       Kite shield       |       |    26 ||    26

Table legend:
 A = Non-vault XP
 B = Vault XP
 C = Vault XP percentage of total XP
 D = Non-vault monster count
 E = Vault monster count
 F = Vault count percentage of total count
                 A         B        C        D         E       F
            +---------+---------+-------+---------+---------+-------
      Total |     400 |      38 |   8.7 |      51 |      13 |  20.3
            +---------+---------+-------+---------+---------+-------
        D:1 |      12 |       0 |   0.0 |       6 |       0 |   0.0
        D:2 |     108 |      36 |  25.0 |      23 |      12 |  34.3
        D:3 |     155 |       2 |   1.3 |      16 |       1 |   5.9
        D:4 |     125 |       0 |   0.0 |       6 |       0 |   0.0
            +---------+---------+-------+---------+---------+-------
